[Event "1000GM Spring Break Schev-E 2024"]
[Site "San Jose"]
[Date "2024.04.07"]
[Round "4.5"]
[White "Figueredo Losada, Leonel"]
[Black "Atwell, Rose"]
[Result "1-0"]
[ECO "D14"]
[WhiteElo "2323"]
[BlackElo "2279"]
[Annotator "RC"]
[PlyCount "85"]
[EventDate "2024.03.28"]
[EventType "schev"]
[EventCountry "USA"]
[SourceTitle "playchess.com"]
[Source "ChessBase"]
[SourceQuality "1"]
[TimeControl "5400+30"]

1. d4 d5 2. c4 c6 3. Nc3 Nf6 4. cxd5 cxd5 5. Bf4 Nc6 6. e3 Bf5 7. Qb3 Na5 8. Qa4+ Bd7 9. Qc2 Rc8 10. Nf3 e6 11. Bd3 b5 12. a3 Nc4 13. O-O a5 14. Qe2 Be7 15. Ne5 O-O 16. a4 b4 17. Nxd7 Qxd7 18. Nb5 Rc6 19. b3 Nb6 20. Rac1 Rfc8 21. Rxc6 Rxc6 22. Qf3 Qb7 23. g4 Rc8 24. Qh3 g6 25. f3 Nbd7 26. Qg2 Qb6 27. Qd2 Ne8 28. Rc1 Rd8 29. Bg3 f6 30. Qc2 e5 31. Qc6 Qxc6 32. Rxc6 Nb8 33. Rb6 Kf7 34. Kf1 Rc8 35. Ke2 Nd7 36. Rb7 Ke6 37. e4 Rd8 38. exd5+ Kxd5 39. Be4+ Ke6 40. Bc6 Bd6 41. d5+ Ke7 42. Bf2 f5 43. Bb6 1-0

[Event "1000GM Spring Break Schev-E 2024"]
[Site "San Jose"]
[Date "2024.04.07"]
[Round "5.1"]
[White "Guo, Ethan"]
[Black "Jimenez Garcia, Emmanuel"]
[Result "0-1"]
[ECO "C41"]
[WhiteElo "2211"]
[BlackElo "2421"]
[Annotator "TA"]
[PlyCount "65"]
[EventDate "2024.03.28"]
[EventType "schev"]
[EventCountry "USA"]
[SourceTitle "playchess.com"]
[Source "ChessBase"]
[SourceQuality "1"]
[TimeControl "5400+30"]

1. e4 d6 2. d4 Nf6 3. Nc3 e5 4. Nf3 Nbd7 5. Bc4 Be7 6. O-O O-O 7. a4 c6 8. Ba2 a5 9. Re1 exd4 10. Nxd4 Nc5 11. Bf4 Ne6 12. Nxe6 Bxe6 13. Bg3 Bxa2 14. Rxa2 Re8 15. Ra1 Qb6 16. b3 Qc5 17. Qd3 Nh5 18. Rad1 Nxg3 19. hxg3 Bf8 20. Qe3 Qxe3 21. Rxe3 Re6 22. Red3 g6 {[%emt 0:00:00] Black is weak on the light squares} 23. f3 f5 24. Kf2 Rae8 25. exf5 gxf5 26. R1d2 d5 {[%emt 0:00:00] [#] aiming for ...Bc5+.} 27. Re2 $1 Bc5+ 28. Kf1 Kf7 29. Rxe6 Rxe6 30. Nd1 Rh6 {[%emt 0:00:00] Black is more active.} 31. Nf2 Bxf2 32. Kxf2 Rh1 33. Rd2 {[%emt 0:00:00] Weighted Error Value: White=0.08 (flawless) /Black=0.06 (flawless) .  Inaccurate:     	White=3     	Black=1      OK:         	White=3     	Black=12     Best:        	White=1     	---        Strong:       	White=1     	---} 0-1

[Event "1000GM Spring Break Schev-E 2024"]
[Site "San Jose"]
[Date "2024.04.07"]
[Round "5.2"]
[White "Arenas, David"]
[Black "Liu, Patrick"]
[Result "1-0"]
[ECO "B44"]
[WhiteElo "2366"]
[BlackElo "2113"]
[Annotator "RC"]
[PlyCount "143"]
[EventDate "2024.03.28"]
[EventType "schev"]
[EventCountry "USA"]
[SourceTitle "playchess.com"]
[Source "ChessBase"]
[SourceQuality "1"]
[TimeControl "5400+30"]

1. e4 c5 2. Nf3 e6 3. d4 cxd4 4. Nxd4 Nc6 5. Nb5 d6 6. c4 a6 7. N5c3 Nf6 8. Be2 Be7 9. O-O O-O 10. Be3 b6 11. Na3 Bb7 12. f3 Qc7 13. Rc1 Rac8 14. Qd2 Ba8 15. Rfd1 Qb8 16. Bf1 Rfd8 17. Qf2 Nd7 18. Kh1 h6 19. Rc2 Nc5 20. Rcd2 Bf6 21. Nab1 Be5 22. a3 a5 23. Nb5 Rd7 24. N1c3 Rcd8 25. f4 Bf6 26. Be2 Na7 27. Bxc5 bxc5 28. e5 Nxb5 29. Nxb5 Be7 30. exd6 Bxd6 31. Bf3 Bxf3 32. Qxf3 Qb6 33. Rd3 g6 34. Qf2 Kf8 35. Qh4 Kg7 36. Qe1 Kf8 37. Qh4 Kg7 38. Qh3 h5 39. Qf3 Kf8 40. h3 Ke8 41. f5 exf5 42. Qd5 Bf4 43. Qxd7+ Rxd7 44. Rxd7 Qe6 45. Rd8+ Ke7 46. Nc3 Bc7 47. Ra8 Qe5 48. Nd5+ Kd7 49. Nxc7+ Kxc7 50. Rxa5 Qe3 51. Ra7+ Kc6 52. Rxf7 Qe2 53. Rfd7 Qxc4 54. R1d6+ Kb5 55. Rb7+ Ka5 56. Ra7+ Kb5 57. a4+ Qxa4 58. Rxa4 Kxa4 59. Rxg6 Kb3 60. Rg5 Kxb2 61. Rxf5 c4 62. Rxh5 c3 63. Rb5+ Kc1 64. h4 c2 65. h5 Kd1 66. Rd5+ Ke2 67. Rc5 Kd2 68. h6 c1=N 69. h7 Nd3 70. Rd5 Ke2 71. Rxd3 Kxd3 72. h8=Q 1-0

[Event "1000GM Spring Break Schev-E 2024"]
[Site "San Jose"]
[Date "2024.04.07"]
[Round "5.3"]
[White "Zuluaga Mancilla, Cesar"]
[Black "Deng, Henry"]
[Result "0-1"]
[ECO "D94"]
[WhiteElo "2206"]
[BlackElo "2305"]
[Annotator "RC"]
[PlyCount "90"]
[EventDate "2024.03.28"]
[EventType "schev"]
[EventCountry "USA"]
[SourceTitle "playchess.com"]
[Source "ChessBase"]
[SourceQuality "1"]
[TimeControl "5400+30"]

1. d4 d5 2. Nf3 Nf6 3. c4 c6 4. Qc2 g6 5. e3 Bg7 6. Nc3 O-O 7. Be2 dxc4 8. Bxc4 c5 9. dxc5 Qa5 10. O-O Qxc5 11. Qe2 Bg4 12. Bb3 Nc6 13. h3 Bxf3 14. Qxf3 e6 15. Bd2 Rfd8 16. Rfd1 Qe7 17. Qe2 Nd7 18. Na4 a6 19. Rac1 Rac8 20. Be1 b5 21. Rxd7 Qxd7 22. Nb6 Qb7 23. Nxc8 Rxc8 24. a4 Bf8 25. axb5 Nd4 26. exd4 Rxc1 27. Qd2 Bh6 28. Qxh6 Rxe1+ 29. Kh2 Qxb5 30. Qd2 Qb8+ 31. g3 Ra1 32. Qe3 Qb6 33. Qc3 Qb7 34. d5 exd5 35. Qf3 Ra5 36. Qe3 Rb5 37. Ba4 Rxb2 38. Qe8+ Kg7 39. Qe5+ f6 40. Qe3 d4 41. Qxd4 Rb4 42. Qd1 Rb1 43. Qd7+ Qxd7 44. Bxd7 a5 45. Kg2 Rb4 0-1

[Event "1000GM Spring Break Schev-E 2024"]
[Site "San Jose"]
[Date "2024.04.07"]
[Round "5.4"]
[White "Tang, Dylan"]
[Black "Figueredo Losada, Leonel"]
[Result "1/2-1/2"]
[ECO "C54"]
[WhiteElo "2217"]
[BlackElo "2323"]
[Annotator "RC"]
[PlyCount "94"]
[EventDate "2024.03.28"]
[EventType "schev"]
[EventCountry "USA"]
[SourceTitle "playchess.com"]
[Source "ChessBase"]
[SourceQuality "1"]
[TimeControl "5400+30"]

1. e4 e5 2. Nf3 Nc6 3. Bc4 Nf6 4. d3 Bc5 5. c3 d6 6. O-O a6 7. Nbd2 Ba7 8. Bb3 O-O 9. h3 Ne7 10. Re1 Ng6 11. Nf1 h6 12. Ng3 Re8 13. d4 c6 14. Bc2 Be6 15. Be3 Qc7 16. Qd2 Rad8 17. Rad1 b5 18. b3 Bc8 19. Bd3 Bb6 20. Qc2 Qa7 21. b4 a5 22. a4 bxa4 23. Ra1 axb4 24. Rxa4 Qc7 25. cxb4 d5 26. dxe5 Bxe3 27. exf6 Bb6 28. Nh5 Ne5 29. Be2 dxe4 30. Nxe5 Qxe5 31. fxg7 Bf5 32. Qxc6 Re6 33. Qb5 Qc3 34. Raa1 Bg6 35. Rad1 Rb8 36. Qd5 Kh7 37. Bg4 e3 38. fxe3 Rxe3 39. Rxe3 Qxe3+ 40. Kh1 Rd8 41. Qf3 Rxd1+ 42. Qxd1 Bxh5 43. Bxh5 Kxg7 44. Qg4+ Kf8 45. Qc8+ Kg7 46. Qg4+ Kf8 47. Qc8+ Kg7 1/2-1/2

[Event "1000GM Spring Break Schev-E 2024"]
[Site "San Jose"]
[Date "2024.04.07"]
[Round "5.5"]
[White "Atwell, Rose"]
[Black "Alarcon Bahamondez, Roberto Ignacio"]
[Result "1/2-1/2"]
[ECO "B22"]
[WhiteElo "2279"]
[BlackElo "2300"]
[Annotator "RC"]
[PlyCount "44"]
[EventDate "2024.03.28"]
[EventType "schev"]
[EventCountry "USA"]
[SourceTitle "playchess.com"]
[Source "ChessBase"]
[SourceQuality "1"]
[TimeControl "5400+30"]

1. e4 c5 2. Nf3 e6 3. c3 Nf6 4. e5 Nd5 5. g3 d6 6. Bg2 Nc6 7. exd6 Bxd6 8. O-O O-O 9. d4 Nde7 10. dxc5 Bxc5 11. Qe2 Qc7 12. Nbd2 a6 13. Ne4 Ba7 14. Rd1 e5 15. Be3 Bxe3 16. Qxe3 Be6 17. Nc5 Bd5 18. Ng5 Rfd8 19. Qd3 g6 20. Bxd5 Nxd5 21. Qf3 Nb6 22. h4 Qe7 1/2-1/2